 Dungeon Crawl Stone Soup version 0.31-a0-177-g4aa6249778 (webtiles) character file.

Game seed: 6479684689912053585

628 qw the Chopper (level 7, -5/38 HPs)
             Began as a Gargoyle Fighter on June 18, 2023.
             Was an Initiate of Okawaru.
             Slain by an ogre
             ... wielding a +0 giant spiked club
              (11 damage)
             ... on level 5 of the Dungeon.
             The game lasted 00:02:17 (4161 turns).

qw the Chopper (Gargoyle Fighter)                   Turns: 4161, Time: 00:02:17

Health: -5/38      AC: 15    Str: 21    XL:     7   Next: 48%
Magic:  7/7        EV:  9    Int:  9    God:    Okawaru [......]
Gold:   79         SH:  4    Dex:  9    Spells: 6/6 levels left

rFire   . . .        Y - +2 war axe (freeze)
rCold   . . .        c - +0 buckler
rNeg    + + .        n - +0 chain mail
rPois   inf          (no helmet)
rElec   +            (no cloak)
rCorr   .            g - +0 pair of gloves
SInv    .            (no boots)
Will    .....        (no amulet) Stlth
                     j - ring of positive energy
HPRegen 0.26/turn    (no ring)
MPRegen 0.10/turn

%: clarity
@: no status effects
A: sickness immunity, AC +4, negative energy resistance 1, electricity
resistance, torment resistance 1, petrification resistance, clarity, frail 1,
sturdy frame 1
a: Renounce Religion


You were on level 5 of the Dungeon.
You worshipped Okawaru.
Okawaru was noncommittal.
You visited 1 branch of the dungeon, and saw 5 of its levels.

You collected 145 gold pieces.
You spent 66 gold pieces at shops.


Innate Abilities, Weirdness & Mutations

You are immune to sickness and miasma.
Your stone body is resilient. (AC +4)
You are immune to poison.
You resist negative energy. (rN+)
You are resistant to electric shocks. (rElec)
You are resistant to unholy torment.
You are immune to petrification.
You possess an exceptional clarity of mind.
You are frail. (-10% HP)
Your movements are slightly less encumbered by armour. (ER -2)


   Skills:
 - Level 4.0 Fighting
 + Level 6.9 Axes
 - Level 3.2 Armour
 - Level 1.0 Dodging
 - Level 3.2 Shields


You had 6 spell levels left.
You didn't know any spells.
Your spell library was empty.

Inventory:

Hand Weapons
 o - a +2 flail of protection
 Y - a +2 war axe of freezing (weapon)
Armour
 c - a +0 buckler (worn)
 g - a +0 pair of gloves (worn)
 n - a +0 chain mail (worn)
Jewellery
 j - a ring of positive energy (left hand)
Scrolls
 e - a scroll of identify
Potions
 a - a potion of enlightenment {unknown}
 d - 2 potions of might
 f - a potion of haste {unknown}
 k - a potion of attraction {unknown}
 l - 2 potions of curing

Dungeon Overview and Level Annotations

Branches:
Dungeon (5/15)
 Temple: D:4-7

Altars:
Dithmenos
Okawaru
Wu Jian

Shops:
D:3 !


Message History

The centaur kicks you but does no damage.
You barely miss the centaur.
The centaur is heavily wounded.
The centaur hits you but does no damage.
The centaur closely misses you. The centaur completely misses you.
The centaur kicks you.
You slash the centaur! You freeze the centaur.
You kill the centaur!
Okawaru accepts your kill.
You see here a +0 shortbow.
You start resting.
HP restored.
A hound comes into view.
The hound barks!
You hear a shout!
You barely miss the hound. The hound bites you. The hound barely misses you.
You closely miss the hound. You block the hound's attack.
The hound closely misses you.
You hit the hound. You freeze the hound.
The hound is moderately wounded.
The hound bites you but does no damage. x2
You closely miss the hound.
The hound is moderately wounded.
The hound bites you.
You slash the hound! You freeze the hound.
You kill the hound!
Okawaru accepts your kill.
You start resting.
An ogre comes into view. It is wielding a +0 giant spiked club.
You slash the ogre! You freeze the ogre.
The ogre is moderately wounded.
The ogre hits you with a +0 giant spiked club.
You slash the ogre! You freeze the ogre.
The ogre is severely wounded.
The ogre hits you with a +0 giant spiked club!!
Ouch! That really hurt!
You barely miss the ogre.
The ogre is severely wounded.
The ogre hits you with a +0 giant spiked club!
You die...

..........#
##........)#
..........#
....####.# #..
##...#
#..##....+
#.#.....#
#.......#
#.@.....#
#!.#O....#######
#.##...........#
#$.
#.......<...#
#..
#..........##
#.. #..........#
.. #...........#
..#
#............#
##.............


You could see an ogre.

Vanquished Creatures
  An ogre (D:4)
  A centaur (D:5)
  A scorpion (D:4)
  A killer bee (D:4)
  An orc priest (D:3)
  A hound (D:5)
  2 orc wizards
  A gnoll (D:4)
  11 adders
  3 ufetubi
  A worm (D:4)
  4 dart slugs
  10 orcs
  10 ball pythons
  10 bats
  7 endoplasms
  3 giant cockroaches (D:3)
  11 goblins
  5 hobgoblins
  9 jackals (D:3)
  4 quokkas
  2 frilled lizards
  10 kobolds
  6 rats
115 creatures vanquished.

Notes
Turn   | Place    | Note
-------+----------+-------------------------------------------
     0 | D:1      | qw the Gargoyle Fighter began the quest for the Orb.
     0 | D:1      | Reached XP level 1. HP: 14/14 MP: 1/1
     0 | D:1      | 0 ||| qw: Version: 0.3-a-7-ge0c9b40
     0 | D:1      | 0 ||| qw: Game counter: 765
     0 | D:1      | 0 ||| qw: Always use a shield: true
     0 | D:1      | 0 ||| qw: God list: Okawaru
     0 | D:1      | 0 ||| qw: Allow faded altars: false
     0 | D:1      | 0 ||| qw: Do Orc after D:15 true
     0 | D:1      | 0 ||| qw: Do second Lair branch before Depths: true
     0 | D:1      | 0 ||| qw: Lair rune preference: random
     0 | D:1      | 0 ||| qw: Plans: Normal, Zot:1-4, Slime:5, God:TSO, Crypt,
                  | Tomb, Abyss, Pan, Hells, Win
     0 | D:1      | 0 ||| PLANNING D:1-11
    13 | D:1      | Reached skill level 2 in Axes
   209 | D:1      | 209 ||| Stepping ~*~*~tactically~*~*~ (hiding).
   216 | D:1      | Reached XP level 2. HP: 19/19 MP: 2/2
   217 | D:1      | 217 ||| Stepping ~*~*~tactically~*~*~ (stealth).
   398 | D:1      | Reached skill level 3 in Axes
   400 | D:1      | 400 ||| DROPPING +0 club.
   481 | D:1      | Reached XP level 3. HP: 23/23 MP: 3/3
   668 | D:1      | 668 ||| READING scroll labelled SUECRE HUMOS.
   669 | D:1      | 669 ||| READING scroll labelled NEIPO QOTTIKUU.
   670 | D:1      | 670 ||| READING scroll labelled ZEATRO HEALE.
   898 | D:2      | 898 ||| Stepping ~*~*~tactically~*~*~ (hiding).
   901 | D:2      | 901 ||| Stepping ~*~*~tactically~*~*~ (hiding).
  1039 | D:2      | 1039 ||| DROPPING +0 whip.
  1102 | D:2      | 1102 ||| Stepping ~*~*~tactically~*~*~ (stealth).
  1103 | D:2      | 1103 ||| Stepping ~*~*~tactically~*~*~ (stealth).
  1110 | D:2      | Reached XP level 4. HP: 28/28 MP: 4/4
  1157 | D:2      | Reached skill level 4 in Axes
  1655 | D:2      | 1655 ||| READING scroll labelled DIHIOG HINNUESH.
  1756 | D:2      | 1756 ||| READING 2 scrolls labelled ZIL AVIUTIZEHU.
  1757 | D:2      | 1757 ||| READING scroll labelled KEYSHUG TIASO.
  1758 | D:2      | 1758 ||| DROPPING scroll of noise.
  1918 | D:3      | 1918 ||| Stepping ~*~*~tactically~*~*~ (hiding).
  1993 | D:3      | 1993 ||| Stepping ~*~*~tactically~*~*~ (stealth).
  1994 | D:3      | 1994 ||| DROPPING +0 mace.
  1995 | D:3      | 1995 ||| Stepping ~*~*~tactically~*~*~ (stealth).
  2010 | D:3      | Reached XP level 5. HP: 24/32 MP: 5/5
  2150 | D:3      | 2150 ||| Stepping ~*~*~tactically~*~*~ (hiding).
  2157 | D:3      | Reached skill level 5 in Axes
  2263 | D:3      | HP: 7/32 [orc priest/+0 trident (2)]
  2271 | D:3      | HP: 7/33 [orc/+0 dagger (3)]
  2271 | D:3      | HP: 3/33 [orc/+0 dagger (4)]
  2614 | D:3      | Reached XP level 6. HP: 36/38 MP: 6/6
  2620 | D:3      | Found Ytuupn's Distillery.
  2623 | D:3      | 2623 ||| BUYING potion of curing (33 gold).
  2623 | D:3      | Bought a potion of curing for 33 gold pieces
  2623 | D:3      | 2623 ||| BUYING potion of curing (33 gold).
  2623 | D:3      | Bought a potion of curing for 33 gold pieces
  2623 | D:3      | 2623 ||| SHOPLISTING potion of curing (33 gold, have 24).
  2623 | D:3      | 2623 ||| SHOPLISTING potion of lignification (33 gold, have
                  | 24).
  2835 | D:3      | 2835 ||| UPGRADING to ring of positive energy.
  2836 | D:3      | 2836 ||| READING scroll labelled APIUFA ZIGYBLU.
  2837 | D:3      | 2837 ||| READING scroll labelled PEOLAX KEUHA.
  2928 | D:4      | 2928 ||| READING scroll of enchant weapon.
  2928 | D:4      | 2928 ||| ENCHANTING +1 war axe of freezing.
  3047 | D:4      | 3047 ||| Stepping ~*~*~tactically~*~*~ (stealth).
  3062 | D:4      | Reached skill level 1 in Dodging
  3231 | D:4      | 3231 ||| Stepping ~*~*~tactically~*~*~ (stealth).
  3232 | D:4      | 3232 ||| Stepping ~*~*~tactically~*~*~ (stealth).
  3290 | D:4      | Found an ornate altar of the Wu Jian Council.
  3290 | D:4      | Found a shadowy altar of Dithmenos.
  3400 | D:4      | 3400 ||| Stepping ~*~*~tactically~*~*~ (hiding).
  3401 | D:4      | 3401 ||| Stepping ~*~*~tactically~*~*~ (hiding).
  3403 | D:4      | 3403 ||| Stepping ~*~*~tactically~*~*~ (hiding).
  3435 | D:4      | 3435 ||| Stepping ~*~*~tactically~*~*~ (stealth).
  3567 | D:4      | 3567 ||| Stepping ~*~*~tactically~*~*~ (hiding).
  3690 | D:4      | Reached skill level 6 in Axes
  3690 | D:4      | Reached XP level 7. HP: 42/43 MP: 7/7
  3739 | D:4      | 3739 ||| DROPPING +0 flail.
  3795 | D:4      | Found an iron altar of Okawaru.
  3796 | D:4      | 3796 ||| PLANNING OKAWARU WORSHIP
  3796 | D:4      | 3796 ||| UPGRADING to +0 pair of gloves.
  3801 | D:4      | 3801 ||| UPGRADING to +0 chain mail.
  3811 | D:4      | 3811 ||| DROPPING +0 scale mail.
  3812 | D:4      | 3812 ||| READING scroll labelled FUCOTE ATWOBER.
  3815 | D:4      | 3815 ||| DRINKING 2 glowing emerald potions.
  3815 | D:4      | Gained mutation: You occasionally lose the ability to read
                  | scrolls when taking damage. [potion of mutation]
  3815 | D:4      | Gained mutation: You possess an exceptional clarity of
                  | mind. [potion of mutation]
  3815 | D:4      | Gained mutation: You have sharp toenails. [potion of
                  | mutation]
  3816 | D:4      | 3816 ||| DRINKING potion of mutation.
  3816 | D:4      | Lost mutation: You have sharp toenails. [potion of
                  | mutation]
  3816 | D:4      | Lost mutation: You occasionally lose the ability to read
                  | scrolls when taking damage. [potion of mutation]
  3816 | D:4      | Gained mutation: Your movements are slightly less
                  | encumbered by armour. (ER -2) [potion of mutation]
  3816 | D:4      | Gained mutation: You are frail. (-10% HP) [potion of
                  | mutation]
  3877 | D:4      | 3877 ||| Stepping ~*~*~tactically~*~*~ (hiding).
  3896 | D:4      | Became a worshipper of Warmaster Okawaru
  3897 | D:4      | 3897 ||| PLANNING D:1-11
  4041 | D:5      | Entered Level 5 of the Dungeon
  4160 | D:5      | HP: 6/38 [ogre/+0 giant spiked club (29)]
  4161 | D:5      | Slain by an ogre

Levels and vault maps discovered:
D:1:      dpeg_arrival_long_road, layout_basic, corexii_item_surrounded_by_moat
D:2:      layout_basic
D:3:      layout_basic, serial_shops, nicolae_shop_tiny_real_fake_doors,
          minmay_misc_feat_ornament, chequers_garden, grunt_ministairs_4,
          kennysheep_cross_room, amcnicky_mini_rare_corridor_liquid,
          nicolae_half_adder
D:4:      minmay_clustersquares, layout_gridville,
          gammafunk_temple_overflow_elements, okawaru_metal_pillars_1_2,
          serial_glass, glass_columns_c, glass_columns_c
D:5:      layout_layer_cave, temple_green, st_stairs_4, uniq_sigmund

Skill      XL: |  1  2  3  4  5  6 |
---------------+-------------------+-----
Axes           | 2 3 4 5 6 |  6.9
Fighting       | 4 |  4.0
Dodging        | 1 |  1.0
Armour         | |  3.2
Shields        | |  3.2

Action                     |  1- 3 |  4- 6 |  7- 9 || total
---------------------------+-------+-------+-------++-------
  Melee: War axe           |   106 |   204 |    32 ||   342
  Throw: Boomerang         |       |    22 |       ||    22
    Use: Scroll            |     3 |     6 |     1 ||    10
         Potion            |       |       |     2 ||     2
 Armour: Scale mail        |    48 |    97 |     6 ||   151
         Chain mail        |       |       |    15 ||    15
  Dodge: Dodged            |    44 |   106 |    18 ||   168
  Block: Buckler           |    25 |    35 |    10 ||    70

Table legend:
 A = Non-vault XP
 B = Vault XP
 C = Vault XP percentage of total XP
 D = Non-vault monster count
 E = Vault monster count
 F = Vault count percentage of total count
                 A         B        C        D         E       F
            +---------+---------+-------+---------+---------+-------
      Total |     674 |     224 |  24.9 |     100 |      15 |  13.0
            +---------+---------+-------+---------+---------+-------
        D:1 |      40 |       0 |   0.0 |      25 |       0 |   0.0
        D:2 |      83 |       0 |   0.0 |      21 |       0 |   0.0
        D:3 |     155 |      46 |  22.9 |      29 |       5 |  14.7
        D:4 |     234 |     178 |  43.2 |      22 |      10 |  31.2
        D:5 |     162 |       0 |   0.0 |       3 |       0 |   0.0
            +---------+---------+-------+---------+---------+-------
